 Dungeon Crawl Stone Soup version 0.32-a0-411-g744942f433 (webtiles) character file.

Game seed: 15941271771869649296

177 crooctopode the Chiller (level 5, -5/37 HPs)
             Began as a Demonspawn Ice Elementalist on Feb 20, 2024.
             Slain by Terence
             ... wielding a +1 flail of holy wrath
              (6 damage)
             ... on level 3 of the Dungeon.
             The game lasted 00:06:33 (2128 turns).

crooctopode the Chiller (DsIE)                      Turns: 2128, Time: 00:06:34

Health: -5/37      AC:  9    Str:  9    XL:     5   Next: 31%
Magic:  1/9        EV: 12    Int: 17    God:
Gold:   24         SH:  0    Dex: 13    Spells: 2/9 levels left

rFire   . . .        m - +7 broad axe of Hemef {protect, rElec rN+}
rCold   + + .        (no shield)
rNeg    + . .        a - +0 robe
rPois   .            (no helmet)
rElec   +            (no cloak)
rCorr   .            (no gloves)
SInv    .            (no boots)
Will    .....        (no amulet)
Stlth   ++           o - ring of protection from cold
HPRegen 0.26/turn    p - ring of protection from cold
MPRegen 0.11/turn

%: no passive effects
@: under a protective aura, slowed, very slow
A: powered by pain 1
a: no special abilities


You were on level 3 of the Dungeon.
You visited 1 branch of the dungeon, and saw 3 of its levels.

You collected 47 gold pieces.
You spent 23 gold pieces at shops.

Inventory:

Hand Weapons
 e - a +0 hand axe
 g - a +0 short sword
 l - a +1 dagger of protection
 m - the +7 broad axe of Hemef (weapon) {protect, rElec rN+}
   (You found it on level 2 of the Dungeon)

   rElec:     It insulates you from electricity.
   rN+:       It protects you from negative energy.
Armour
 a - a +0 robe (worn)
Jewellery
 o - a ring of protection from cold (left hand)
 p - a ring of protection from cold (right hand)
Scrolls
 c - a scroll of enchant weapon {unknown}
 d - 2 scrolls of teleportation {unknown}
 f - 2 scrolls of identify {unknown}
 h - a scroll of revelation {unknown}
 k - a scroll of vulnerability {unknown}
 q - a scroll of fog {unknown}
Potions
 b - a potion of magic
 i - a potion of brilliance {unknown}
 j - a potion of attraction {unknown}
 n - a potion of heal wounds {unknown}
 r - a potion of might {unknown}


   Skills:
 + Level 1.2 Fighting
 + Level 1.1 Axes
 + Level 2.7 Dodging
 + Level 2.8 Stealth
 + Level 2.8 Spellcasting
 + Level 4.2 Ice Magic


You had 2 spell levels left.
You knew the following spells:

 Your Spells              Type           Power      Damage    Failure   Level
a - Freeze                Ice            64%        1d7       3%          1
b - Frozen Ramparts       Ice            32%        1d5       10%         3
c - Ozocubu's Armour      Ice            16%        N/A       10%         3

Your spell library contained the following spells:

 Spells                   Type           Power      Damage    Failure   Level
 Kiss of Death            Conj/Necr      8%         2d6       19%         1
 Mercury Vapours          Alch/Air       4%         N/A       26%         2
 Summon Ice Beast         Ice/Summ       9%         N/A       22%         3
 Confusing Touch          Hex            2%         N/A       47%         3
 Mephitic Cloud           Conj/Alch/Air  2%         N/A       47%         3
 Dispel Undead            Necr           2%         3d7       87%         4
 Freezing Cloud           Conj/Ice/Air   3%         6-21      95%         5


Dungeon Overview and Level Annotations

Branches:
Dungeon (3/15)

Altars:
Kikubaaqudgha

Shops:
D:2 (*

Annotations:
D:3 Terence


Innate Abilities, Weirdness & Mutations

You sometimes gain a little power by taking damage.


Message History

The magic dart hits you.
The cerulean imp hits you but does no damage.
You slash Natasha!
You kill Natasha!
Natasha screams in pain as she dies!
The cerulean imp disappears in a puff of smoke!
You hit Terence.
The wall freezes Terence.
Terence hits you with a +1 flail of holy wrath.
You convulse.
The wall freezes Terence.
Terence closely misses you.
The wall freezes Terence but does no damage.
Terence hits you with a +1 flail of holy wrath.
You convulse.
You hit Terence but do no damage.
Terence is severely wounded.
The wall freezes Terence but does no damage.
Terence hits you but does no damage.
The wall freezes Terence but does no damage.
Terence misses you.
You closely miss Terence.
Terence is severely wounded.
The frozen ramparts melt away.
Terence says, "Did you write a will?
You should..."
Terence completely misses you. Terence closely misses you.
Casting: Frozen Ramparts (dangerous; 10% risk of failure)
Confirm with . or Enter, or press ? or * to list all spells.
You don't have enough magic to cast this spell.
Casting: Frozen Ramparts (dangerous; 10% risk of failure)
Confirm with . or Enter, or press ? or * to list all spells.
You don't have enough magic to cast this spell.
You hit Terence.
Terence is almost dead.
Terence bares his teeth.
Terence hits you with a +1 flail of holy wrath.
You convulse.
* * * LOW HITPOINT WARNING * * *
Terence hits you with a +1 flail of holy wrath!
* * * LOW HITPOINT WARNING * * *
You convulse.
You die...
Terence says, "That felt goooood."

.. #........ ...
##........ ....
#<........
....###.........
#............
#............
#....).......
#.###....@#######
......)††@##....#
.<##....⌠....~_.# #
#........~...#
#........~...# #
#....~~~~~..##
#.##.....~≈≈~..## . ##
#....[...~~≈~~..#
..#...........~..~.⌠..
.....#####............


You could see Terence.

Vanquished Creatures
  Natasha (twice) (D:3)
  2 adders
  2 dart slugs
  A ribbon worm (D:2)
  2 orcs (D:3)
  5 ball pythons
  3 endoplasms
  5 giant cockroaches
  11 goblins
  4 hobgoblins
  3 jackals (D:2)
  2 quokkas
  5 bats
  2 frilled lizards (D:1)
  6 kobolds
  A rat (D:1)
56 creatures vanquished.

Notes
Turn   | Place    | Note
-------+----------+-------------------------------------------
     0 | D:1      | crooctopode the Demonspawn Ice Elementalist began the quest
                  | for the Orb.
     0 | D:1      | Reached XP level 1. HP: 13/13 MP: 3/3
   127 | D:1      | Gained mutation: You sometimes gain a little power by
                  | taking damage. [demonic ancestry]
   127 | D:1      | Reached XP level 2. HP: 19/19 MP: 3/5
   347 | D:1      | Reached XP level 3. HP: 24/24 MP: 6/6
   526 | D:1      | Learned a level 3 spell: Frozen Ramparts
  1155 | D:2      | Found Zutufuro's Weapon Boutique.
  1205 | D:2      | Identified the +7 broad axe of Hemef {protect, rElec rN+}
  1247 | D:2      | Reached skill level 4 in Ice Magic
  1290 | D:2      | Reached XP level 4. HP: 24/31 MP: 7/7
  1300 | D:2      | Learned a level 3 spell: Ozocubu's Armour
  1349 | D:2      | Found Ubenkey's Assorted Antiques.
  1415 | D:2      | Bought a fuming red potion for 23 gold pieces
  2024 | D:3      | Noticed Natasha
  2081 | D:3      | Found an ancient bone altar of Kikubaaqudgha.
  2097 | D:3      | Killed Natasha
  2098 | D:3      | Reached skill level 1 in Fighting
  2103 | D:3      | Reached XP level 5. HP: 34/37 MP: 3/9
  2118 | D:3      | Noticed Natasha
  2122 | D:3      | Noticed Terence
  2123 | D:3      | Reached skill level 1 in Axes
  2125 | D:3      | Killed Natasha
  2128 | D:3      | HP: 1/37 [Terence/+1 flail of holy wrath (10)]
  2128 | D:3      | Slain by Terence

Illustrated notes

Levels and vault maps discovered:
D:1:      minmay_arrival_radiant_lines, layout_basic
D:2:      layout_basic, serial_shops, nicolae_shop_overgrown_old_shop, shop,
          small_statue_intersection
D:3:      layout_rooms, kiku_gazebo_pond_becter, general_overflow_altar,
          solitary_fountain, skrybe_limestone_x, uniq_natasha, uniq_ijyb,
          uniq_terence

Skill      XL: |  1  2  3  4  5 |
---------------+----------------+-----
Stealth        | 2 |  2.8
Dodging        | 2 |  2.7
Ice Magic      | 4 |  4.2
Fighting       | 1 |  1.2
Axes           | 1 |  1.1
Spellcasting   | |  2.8

Action                     |  1- 3 |  4- 6 || total
---------------------------+-------+-------++-------
  Melee: Hand axe          |     9 |       ||     9
         Short sword       |    22 |       ||    22
         Dagger            |     8 |       ||     8
         Broad axe         |     3 |    49 ||    52
   Cast: Freeze            |    17 |       ||    17
         Frozen Ramparts   |     7 |     6 ||    13
         Ozocubu's Armour  |       |     6 ||     6
   Stab: Sleeping          |     1 |     1 ||     2
 Armour: Robe              |    31 |    60 ||    91
  Dodge: Dodged            |    28 |    48 ||    76

Table legend: (Time is in decaauts)
 A = Elapsed time spent in this place.
 B = Non-inter-level travel time spent in this place.
 C = Inter-level travel time spent in this place.
 D = Time resting spent in this place.
 E = Time spent auto-exploring this place.
 F = Levels seen in this place.
 G = Mean time per level.
                   A        B        C        D        E       F      G
               +--------+--------+--------+--------+--------+-----+--------+
         Total |   2163 |   2044 |    119 |     88 |   1458 |   3 |  721.0 |
       Dungeon |   2163 |   2044 |    119 |     88 |   1458 |   3 |  721.0 |
               +--------+--------+--------+--------+--------+-----+--------+

Top non-repeatable levels by time:
     D:1: 1156 daAuts
     D:2: 932 daAuts
     D:3: 74 daAuts
